 Dungeon Crawl Stone Soup version 0.24-a0-537-g2d01d4ab0a (webtiles) character file.

Game seed: 10309252351610622058

36045 Gynju the Unseen (level 13, -1/65 HPs)
             Began as a Spriggan Enchanter on Aug 15, 2019.
             Was a High Priest of Kikubaaqudgha.
             Slain by a catoblepas (10 damage)
             ... while petrified by you
             ... on level 6 of the Lair of Beasts.
             The game lasted 00:48:57 (21533 turns).

Gynju the Unseen (Spriggan Enchanter)              Turns: 21533, Time: 00:48:58

Health: -1/65      AC:  3    Str:  4    XL:     13   Next: 50%
Magic:  16/28      EV:  4    Int: 21    God:    Kikubaaqudgha [*****.]
Gold:   1358       SH:  0    Dex: 17    Spells: 18/32 levels left

rFire    + + +     SeeInvis +   O - +3 dagger
rCold    + . .     Gourm    .   (shield restricted)
rNeg     + + +     Faith    .   b - +1 robe
rPois    ∞         Spirit   .   (helmet restricted)
rElec    .         Reflect  .   l - scarf {rC+ rF+}
rCorr    .         Harm     .   (gloves unavailable)
MR       ++...                  (boots unavailable)
Stlth    +++++++...             h - amulet of regeneration
HPRegen  0.60/turn              E - ring of protection from fire
MPRegen  0.21/turn              U - ring of protection from fire

@: petrified, very quick
A: very small, unfitting armour, see invisible, herbivore, speed 3, slow
metabolism 2
a: Receive Corpses, Torment, Renounce Religion


You were on level 6 of the Lair of Beasts.
You worshipped Kikubaaqudgha.
Kikubaaqudgha was extremely pleased with you.
You were near starving.

You visited 3 branches of the dungeon, and saw 17 of its levels.

You collected 1358 gold pieces.

Inventory:

Hand Weapons
 u - a +1 rapier
 O - a +3 dagger (weapon)
Missiles
 e - 70 poisoned darts (quivered)
 m - 2 atropa-tipped darts
Armour
 b - a +1 robe (worn)
 l - a scarf of resistance (worn)
Jewellery
 h - an amulet of regeneration (around neck)
 w - an uncursed ring of poison resistance
 y - a +4 ring of strength
 E - a ring of protection from fire (left hand)
 J - an uncursed ring of protection from cold
 U - a ring of protection from fire (right hand)
Wands
 c - a wand of polymorph (10)
 p - a wand of paralysis (18)
 s - a wand of flame (23)
 D - a wand of disintegration (14)
 F - a wand of acid (30)
 H - a wand of clouds (3)
 T - a wand of iceblast (13)
Scrolls
 a - a scroll of magic mapping
 f - 4 scrolls of amnesia
 g - 11 scrolls of remove curse
 k - 2 scrolls of fear
 n - 3 scrolls of enchant weapon
 C - 3 scrolls of identify
 G - 3 scrolls of blinking
 I - 6 scrolls of teleportation
 K - a scroll of brand weapon {unknown}
 M - a scroll of acquirement {unknown}
 Q - 2 scrolls of enchant armour
 R - a scroll of holy word {unknown}
 S - a scroll of silence {unknown}
Potions
 i - a potion of heal wounds
 j - a potion of might
 o - 12 potions of curing
 q - 5 potions of haste
 r - a potion of magic
 t - a potion of resistance
 v - 5 potions of flight
 x - 2 potions of ambrosia
 z - 5 potions of brilliance
 A - 3 potions of degeneration
 B - 2 potions of mutation
 L - 3 potions of lignification
 N - 2 potions of cancellation
 P - a potion of agility
Comestibles
 d - 20 rations


   Skills:
 + Level 5.7 Fighting
 + Level 7.6 Short Blades
 + Level 10.4 Dodging
 - Level 18.5 Stealth
 - Level 10.0 Spellcasting
 * Level 14.4 Hexes
 - Level 5.5 Necromancy


You had 18 spell levels left.
You knew the following spells:

 Your Spells              Type           Power        Failure   Level  Hunger
a - Dazzling Spray        Conj/Hex       #####.       1%          3    None
b - Ensorcelled Hibernat  Hex/Ice        #####.       1%          2    None
c - Tukima's Dance        Hex            ######..     1%          3    None
d - Confuse               Hex            ######..     1%          3    None
e - Pain                  Necr           ####         1%          1    None
f - Corpse Rot            Necr           N/A          1%          2    None

Your spell library contained the following spells:

 Spells                   Type           Power        Failure   Level  Hunger
 Confusing Touch          Hex            ######       1%          1    None
 Corona                   Hex            ######.      1%          1    None
 Sublimation of Blood     Necr           ####......   1%          2    None
 Regeneration             Chrm/Necr      ###.......   6%          3    None
 Animate Dead             Necr           N/A          7%          4    ##.....
 Metabolic Englaciation   Hex/Ice        #####.....   10%         5    ####...
 Yara's Violent Unravell  Hex/Tmut       #####.....   10%         5    ####...
 Gell's Gravitas          Tloc           ##........   19%         3    None
 Agony                    Necr           ####....     19%         5    ####...
 Dispel Undead            Necr           ####....     19%         5    ####...
 Bolt of Draining         Conj/Necr      ###.......   50%         5    ####...
 Borgnjor's Vile Clutch   Necr/Erth      ###.......   50%         5    ####...
 Petrify                  Tmut/Erth      ##......     54%         4    ##.....


Dungeon Overview and Level Annotations

Branches:
Dungeon (10/15)            Temple (1/1) D:4            Lair (6/6) D:10
 Shoals (0/4) Lair:4       Spider (0/4) Lair:2        Slime (0/5) Lair:6
    Orc: D:9-12

Altars:
Ashenzari
Cheibriados
Dithmenos
Elyvilon
Fedhas
Gozag
Hepliaklqana
Kikubaaqudgha
Makhleb
Nemelex Xobeh
Okawaru
Qazlal
Ru
Sif Muna
Trog
Uskayaw
Vehumet
Wu Jian
Xom
Yredelemnul
Zin
The Shining One
Jiyva

Shops:
D:8 =

Annotations:
D:7 2 runed translucent doors, PeterQ's ghost, novice GnAs
D:9 1 runed translucent door, Gargoyl's ghost, journeyman CeAK
D:10 exclusions: 3 doors and 1 more exclusion
Lair:3 exclusion: oklob plant
Lair:4 exclusion: oklob plant
Lair:6 6 exclusions


Innate Abilities, Weirdness & Mutations

You are very small and have problems with some larger weapons.
You are too small for most types of armour.
You have supernaturally acute eyesight. (SInv)
You are a herbivore.
You cover ground extremely quickly.
You need to consume almost no food.


Message History

Press: ? - help, Shift-Dir - straight line, f/p - catoblepas
Aim: a catoblepas (almost dead)
The spray of energy hits the catoblepas.
The catoblepas is almost dead.
The catoblepas is dazzled.
The catoblepas breathes a plume of calcifying dust at you.
The blast of calcifying dust hits you. The catoblepas gores you!!
You have turned to stone.
You are engulfed in calcifying dust.
The catoblepas gores you!!
You are engulfed in calcifying dust.
The catoblepas is no longer blind.
The catoblepas gores you!!
You are engulfed in calcifying dust.
The catoblepas barely misses you.
You are engulfed in calcifying dust.
The catoblepas gores you!!
You are engulfed in calcifying dust.
The catoblepas gores you!
* * * LOW HITPOINT WARNING * * *
You are engulfed in calcifying dust.
The catoblepas gores you!
* * * LOW HITPOINT WARNING * * *
The catoblepas gores you!!
You die...
Kikubaaqudgha rasps: "You have failed me!
Welcome... oblivion!"

..<#########..##...P######.P.#...
...# ########## ###..... .###
#### #..).P ## #####...#####
#######.. #..P........#
##P...##..
##..........####........#
##....#####....###......#.
#........Y......##........
#P..#.#..@#†...P##.....#.. ##
...#...#...########...#
..Y.###.###..÷#...#...#.. .Y#...
###...#.#...#...... ......
#..........#...... #(#Y.
###....#÷###....#. .(...
#............### ##........P..###
## #####.P.######.


You could see a catoblepas.

Vanquished Creatures
  A dire elephant (Lair:6)
  A fire dragon (Lair:6)
  A catoblepas (Lair:3)
  A hydra (Lair:3)
  2 death yaks (Lair:6)
  A swamp dragon (Lair:6)
  A lindwurm (Lair:6)
  2 manticores
  2 elephants (Lair:6)
  3 black mambas
  Joseph (Lair:1)
  15 spiny frogs
  4 rime drakes (Lair:6)
  13 komodo dragons
  A troll (D:9)
  A polar bear (Lair:6)
  4 jumping spiders (Lair:2)
  10 hippogriffs
  Grinder (D:6)
  2 dream sheep
  A blink frog (Lair:3)
  4 redbacks (Lair:2)
  A wraith (D:10)
  2 basilisks (Lair:6)
  31 yaks
  A steam dragon (Lair:6)
  2 hungry ghosts
  Menkaure (D:4)
  Edmund (D:6)
  An acid dragon (Lair:6)
  16 water moccasins
  18 porcupines
  2 swamp drakes (Lair:6)
  4 orc warriors
  A sky beast (D:8)
  2 ice beasts
  11 wolves
  4 centaurs
  12 crocodiles
  A big kobold (D:9)
  Blork the orc (D:4)
  16 bullfrogs
  4 scorpions
  A water moccasin skeleton (D:4)
  5 howler monkeys
  A wight (D:6)
  6 crimson imps
  A bullfrog zombie (D:7)
  A quasit (D:9)
  A jelly (D:7)
  4 orc priests
  2 centaur skeletons
  8 hounds
  14 orc wizards
  2 iguanas
  Ijyb (D:4)
  3 worker ants
  A hound zombie (D:9)
  A worker ant zombie (D:8)
  2 gnolls (D:6)
  10 adders
  A shadow imp (D:5)
  An ooze (D:1)
  2 adder skeletons
  3 worms
  5 dart slugs
  6 leopard geckos
  38 orcs
  3 ball pythons
  9 giant cockroaches
  5 goblins
  5 hobgoblins
  12 jackals
  13 kobolds
  3 quokkas
  14 bats
  9 frilled lizards
  A leopard gecko skeleton (D:8)
  A leopard gecko zombie (D:5)
  10 rats
409 creatures vanquished.

Vanquished Creatures (collateral kills)
  5 wights
  An orc priest (D:10)
  A gnoll (D:6)
  8 orcs
15 creatures vanquished.

Vanquished Creatures (others)
  A dancing weapon (D:6)
  An orc (D:4)
  4 fungi
  4 plants
10 creatures vanquished.

Grand Total: 434 creatures vanquished

Notes
Turn   | Place    | Note
-------+----------+-------------------------------------------
     0 | D:1      | Gynju the Spriggan Enchanter began the quest for the Orb.
     0 | D:1      | Reached XP level 1. HP: 9/9 MP: 5/5
   207 | D:1      | Reached XP level 2. HP: 12/13 MP: 6/6
   211 | D:1      | Learned a level 2 spell: Ensorcelled Hibernation
   443 | D:1      | Reached skill level 5 in Stealth
   809 | D:1      | Reached XP level 3. HP: 16/16 MP: 8/8
  1905 | D:2      | Reached XP level 4. HP: 21/21 MP: 10/10
  1910 | D:2      | Learned a level 3 spell: Tukima's Dance
  1914 | D:2      | Learned a level 3 spell: Confuse
  2595 | D:2      | Reached skill level 6 in Stealth
  2643 | D:3      | Reached skill level 5 in Hexes
  3088 | D:3      | Reached XP level 5. HP: 24/24 MP: 11/11
  3890 | D:4      | Noticed Ijyb
  3894 | D:4      | Killed Ijyb
  3894 | D:4      | Reached skill level 7 in Stealth
  4002 | D:4      | Reached XP level 6. HP: 28/28 MP: 8/13
  4227 | D:4      | Found a staircase to the Ecumenical Temple.
  4233 | Temple   | Entered the Ecumenical Temple
  4764 | D:4      | Noticed Menkaure
  4780 | D:4      | Killed Menkaure
  4780 | D:4      | Reached skill level 8 in Stealth
  4925 | D:4      | Reached XP level 7. HP: 31/32 MP: 8/15
  5007 | D:4      | Noticed Blork the orc
  5042 | D:4      | Killed Blork the orc
  5042 | D:4      | Reached skill level 5 in Spellcasting
  5325 | D:5      | Entered Level 5 of the Dungeon
  5431 | D:5      | Reached skill level 9 in Stealth
  5751 | D:5      | Found an ancient bone altar of Kikubaaqudgha.
  5764 | D:5      | Became a worshipper of Kikubaaqudgha
  5772 | D:5      | Found a blossoming altar of Fedhas.
  5802 | D:5      | Found a shattered altar of Ashenzari.
  5963 | D:5      | Learned a level 3 spell: Dazzling Spray
  5969 | D:5      | Found a bloodstained altar of Trog.
  6478 | D:6      | Noticed Edmund
  6501 | D:6      | Killed Edmund
  6863 | D:6      | Noticed Grinder
  6888 | D:5      | Reached skill level 10 in Stealth
  6888 | D:5      | Reached XP level 8. HP: 36/36 MP: 2/17
  7765 | D:6      | Found a white marble altar of Elyvilon.
  7850 | D:6      | Killed Grinder
  7850 | D:6      | Reached * piety under Kikubaaqudgha
  7850 | D:6      | Identified Kikubaaqudgha's Almanac of Necromancy
                  | (Kikubaaqudgha gifted it to you on level 6 of the Dungeon)
  7850 | D:6      | Received a gift from Kikubaaqudgha
  7850 | D:6      | Reached skill level 11 in Stealth
  8030 | D:7      | Found a shimmering blue altar of Sif Muna.
  8035 | D:7      | Reached skill level 1 in Necromancy
  8252 | D:7      | Reached XP level 9. HP: 39/39 MP: 2/20
  8389 | D:7      | Reached skill level 12 in Stealth
  8523 | D:7      | Found a large runed translucent door.
  8523 | D:7      | Found a large runed translucent door.
  8525 | D:7      | Noticed PeterQ's ghost (novice GnAs)
  8587 | D:7      | Reached skill level 10 in Hexes
  9210 | D:7      | Found a basalt altar of Yredelemnul.
  9213 | D:7      | Found a radiant altar of Vehumet.
  9564 | D:8      | Found a hide-covered altar of Uskayaw.
  9602 | D:8      | Found Ynyn's Jewellery Emporium.
  9689 | D:8      | Reached skill level 13 in Stealth
  9842 | D:8      | Found a stormy altar of Qazlal.
 10481 | D:9      | Reached ** piety under Kikubaaqudgha
 10690 | D:9      | Noticed a troll
 10696 | D:9      | Killed a troll
 10696 | D:9      | Reached XP level 10. HP: 44/44 MP: 19/23
 11199 | D:9      | Reached skill level 14 in Stealth
 11493 | D:9      | Found a sacrificial altar of Ru.
 11526 | D:9      | Found a runed translucent door.
 11527 | D:9      | Noticed Gargoyl's ghost (journeyman CeAK)
 11972 | D:10     | Entered Level 10 of the Dungeon
 11998 | D:10     | Reached *** piety under Kikubaaqudgha
 11998 | D:10     | Identified Kikubaaqudgha's Disquisition on Unholy Arts
                  | (Kikubaaqudgha gifted it to you on level 10 of the Dungeon)
 11998 | D:10     | Received a gift from Kikubaaqudgha
 12703 | D:10     | Found a staircase to the Lair.
 12720 | D:10     | Reached skill level 15 in Stealth
 13268 | Lair:1   | Entered Level 1 of the Lair of Beasts
 13352 | Lair:1   | Noticed Joseph
 13360 | Lair:1   | HP: 2/44 [Joseph/+0 quarterstaff (10)]
 13361 | Lair:1   | Killed Joseph
 13361 | Lair:1   | Reached XP level 11. HP: 2/48 MP: 19/25
 13604 | Lair:1   | Reached skill level 1 in Fighting
 13607 | Lair:1   | Reached **** piety under Kikubaaqudgha
 13609 | Lair:1   | Reached skill level 5 in Necromancy
 13834 | Lair:1   | You fall into a shaft and drop 1 floor!
 13946 | Lair:1   | Reached skill level 16 in Stealth
 14478 | Lair:2   | Reached skill level 5 in Dodging
 14715 | Lair:2   | Found a hole to the Spider Nest.
 14774 | Lair:2   | Reached skill level 10 in Spellcasting
 15101 | Lair:2   | Reached skill level 17 in Stealth
 15833 | Lair:3   | Noticed an oklob plant
 15836 | Lair:3   | Reached ***** piety under Kikubaaqudgha
 15935 | Lair:3   | Reached XP level 12. HP: 56/56 MP: 27/27
 16412 | Lair:3   | Reached skill level 5 in Short Blades
 16522 | Lair:3   | Noticed a catoblepas
 16528 | Lair:3   | Killed a catoblepas
 16554 | Lair:3   | Noticed an eight-headed hydra
 16880 | Lair:3   | Reached skill level 18 in Stealth
 17123 | Lair:3   | Killed an eight-headed hydra
 17180 | Lair:4   | Found a staircase to the Shoals.
 18978 | Lair:6   | Entered Level 6 of the Lair of Beasts
 19061 | Lair:6   | Found a viscous altar of Jiyva.
 19062 | Lair:6   | Found a staircase to the Slime Pits.
 19606 | Lair:6   | Noticed a dire elephant
 19609 | Lair:6   | Noticed a death yak
 19609 | Lair:6   | Noticed a death yak
 19611 | Lair:6   | Killed a dire elephant
 19611 | Lair:6   | Reached XP level 13. HP: 63/63 MP: 28/28
 19829 | Lair:6   | Learned a level 1 spell: Pain
 19840 | Lair:6   | Reached skill level 5 in Fighting
 20534 | Lair:6   | Reached skill level 10 in Dodging
 20715 | Lair:6   | Noticed a fire dragon
 20781 | Lair:6   | Killed a fire dragon
 20993 | Lair:6   | Found a shimmering altar of Xom.
 21359 | Lair:6   | Learned a level 2 spell: Corpse Rot
 21533 | Lair:6   | Slain by a catoblepas

Levels and vault maps discovered:
D:1:      minmay_arrival_shoal_huts, layout_basic, chequers_big_river,
          wad_floor_pattern_untrapped, minmay_ruptured
D:2:      layout_loops_corners
D:3:      layout_loops_ring, first_ration
D:4:      layout_loops_corners, minmay_temple_entry_ruins, roderic_lattice_a,
          uniq_blork_the_orc, uniq_ijyb, uniq_menkaure
D:5:      layout_basic, bloody_trog, ashenzari_conservatory_becter,
          nicolae_overflow_crystal_walls, basic_altar
D:6:      layout_cave_pools, elyvilon_altar_3, chequers_jeans,
          nicolae_water_bricks, minmay_misc_feat_five, uniq_edmund, uniq_grinder
D:7:      layout_basic, minitemple, ebering_ghost_disaster_area, basic_altar,
          kennysheep_small_circle
D:8:      layout_basic, nicolae_qazlal_style_of_elements, marbit_many_paths,
          serial_shops, nicolae_shop_trees
D:9:      layout_basic, nicolae_ru_path_of_blood, ebering_ghost_inner_flame
D:10:     layout_roguey, due_lair_maze_entry_diamond
Temple:   nicolae_temple_figure_eight
Lair:1:   layout_hall_layers, serial_bayou_crossing, uniq_joseph
Lair:2:   layout_small_grid, nicolae_spider_entry_tight_spaces, minivault_25
Lair:3:   layout_chaotic_city, minmay_shattered_shrine
Lair:4:   layout_cave_pods, minmay_shoals_entry_beasts,
          minmay_lair_oklob_chamber, infiniplex_staircase_pool
Lair:5:   layout_regular_city
Lair:6:   hangedman_lair_in_review, layout_cave_pods, guppyfry_lair_end_dragon,
          dpeg_slime_entry_enclosed_altar, lemuel_centaur_altar,
          grunt_megastairs_3, serial_bayou_shore_b

Skill      XL: |  1  2  3  4  5  6  7  8  9 10 11 12 13 |
---------------+----------------------------------------+-----
Hexes          | 4 5 6 8 9 11 12 13 14 | 14.4
Stealth        | 5 6 7 8 10 11 13 15 17 18 | 18.5
Spellcasting   | 3 4 5 6 8 9 10 | 10.0
Necromancy     | 1 3 4 5 |  5.5
Fighting       | 3 4 5 |  5.7
Short Blades   | 4 6 7 |  7.6
Dodging        | 6 9 10 | 10.4

Action                   |  1- 3 |  4- 6 |  7- 9 | 10-12 | 13-15 || total
-------------------------+-------+-------+-------+-------+-------++-------
Melee: Dagger            |   159 |   134 |   267 |   247 |    76 ||   883
Throw: Dart              |       |       |       |     1 |    22 ||    23
 Cast: Ensorcelled Hiber |     5 |    48 |    86 |   186 |    49 ||   374
       Tukima's Dance    |       |     3 |    19 |     6 |       ||    28
       Confuse           |       |     2 |    15 |    10 |     6 ||    33
       Dazzling Spray    |       |       |    17 |    18 |    19 ||    54
       Pain              |       |       |       |       |     3 ||     3
  Use: Scroll            |       |    13 |     7 |    11 |     2 ||    33
       Potion            |       |       |       |     3 |     4 ||     7
 Stab: Sleeping          |    15 |    47 |    77 |   164 |    32 ||   335
       Confused          |       |     2 |    11 |     3 |     2 ||    18
       Invisible         |       |       |     1 |     4 |     4 ||     9
       Distracted        |       |       |     1 |       |     1 ||     2
  Eat: Ration            |       |     1 |     4 |     4 |     1 ||    10
Armor: Robe              |    33 |     8 |    13 |    13 |     2 ||    69
Dodge: Dodged            |   135 |    98 |   211 |   209 |    58 ||   711

Table legend:
 A = Non-vault XP
 B = Vault XP
 C = Vault XP percentage of total XP
 D = Non-vault monster count
 E = Vault monster count
 F = Vault count percentage of total count
                 A         B        C        D         E       F
            +---------+---------+-------+---------+---------+-------
      Total |   29675 |   21819 |  42.4 |     351 |      74 |  17.4
            +---------+---------+-------+---------+---------+-------
        D:1 |      43 |       5 |  10.4 |      19 |       3 |  13.6
        D:2 |      93 |       0 |   0.0 |      35 |       0 |   0.0
        D:3 |     126 |       0 |   0.0 |      26 |       0 |   0.0
        D:4 |     345 |     286 |  45.3 |      18 |       3 |  14.3
        D:5 |     490 |       0 |   0.0 |      22 |       0 |   0.0
        D:6 |     414 |     424 |  50.6 |      14 |       2 |  12.5
        D:7 |    1797 |       0 |   0.0 |      31 |       0 |   0.0
        D:8 |     816 |     132 |  13.9 |      19 |       1 |   5.0
        D:9 |    2594 |       0 |   0.0 |      40 |       0 |   0.0
       D:10 |    1331 |    1431 |  51.8 |      27 |      10 |  27.0
     Lair:1 |    4289 |     450 |   9.5 |      26 |       1 |   3.7
     Lair:2 |    3461 |    2056 |  37.3 |      17 |       8 |  32.0
     Lair:3 |    4674 |    3796 |  44.8 |      23 |      10 |  30.3
     Lair:4 |     857 |     787 |  47.9 |       3 |       2 |  40.0
     Lair:5 |    2592 |       0 |   0.0 |      11 |       0 |   0.0
     Lair:6 |    5753 |   12452 |  68.4 |      20 |      34 |  63.0
            +---------+---------+-------+---------+---------+-------
